 Dungeon Sprint DCSS version 0.21.1-1-g345015f (webtiles) character file.

7233 Fang the Warrior (level 10, -13/107 HPs)
             Began as a Minotaur Berserker on June 5, 2018.
             Was the Champion of Trog.
             Blown up by Zaogom the pandemonium lord (22 damage)
             ... with a wavering orb of destruction
             ... in the Dungeon (Sprint V: "Ziggurat Sprint") on June 6, 2018.
             The game lasted 00:04:56 (1139 turns).

Fang the Warrior (Minotaur Berserker)               Turns: 1139, Time: 00:04:57

Health: -13/107    AC: 15    Str: 29    XL:     10   Next: 88%
Magic:  6/6        EV: 14    Int:  4    God:    Trog [******]
Gold:   0          SH:  0    Dex: 10    Spells: 9/9 levels left

rFire    + + +     SeeInvis +   B - +6 war axe (antimagic)
rCold    . . .     Gourm    .   (no shield)
rNeg     . . .     Faith    +   b - +3 scale mail {rF+}
rPois    .         Spirit   .   (helmet restricted)
rElec    .         Reflect  .   (no cloak)
rCorr    .         Harm     .   D - +2 pair of gloves {Dex+3}
MR       .....     NoTele   +   (no boots)
Stlth    +.........             j - amulet "Vuivawec" {Faith Fragile rF+ Str+5}
HPRegen  0.27/turn              u - ring "Anuaste" {rF+++ MR- MP+9 Dex-4 SInv}
MPRegen  0.10/turn              G - ring of flight

@: berserk cooldown, slowed, very slow
A: retaliatory headbutt, horns 2
a: Berserk, Trog's Hand, Brothers in Arms, Burn Spellbooks, Renounce Religion,
Evoke Flight


You were in the Dungeon.
You worshipped Trog.
Trog was exalted by your worship.
You were very hungry.

You visited 1 branch

Inventory:

Hand Weapons
 k - a +5 executioner's axe
 l - a +5 demon trident
 B - a +6 antimagic war axe (weapon)
Armour
 b - a +3 scale mail of fire resistance (worn)
 D - a +2 pair of gloves of dexterity (worn)
Jewellery
 j - the amulet "Vuivawec" (around neck) {Faith Fragile rF+ Str+5}
   (You found it in the Dungeon)

   [amulet of faith]

   It allows you to gain divine favour quickly.
   It affects your strength (+5).
   It protects you from fire.
   It will be destroyed if unequipped.
 u - the ring "Anuaste" (left hand) {rF+++ MR- MP+9 Dex-4 SInv}
   (You found it in the Dungeon)

   [ring of magical power]

   It affects your dexterity (-4).
   It renders you almost immune to fire.
   It affects your resistance to hostile enchantments.
   It affects your magic capacity (+9).
   It lets you see invisible.
 E - an uncursed ring of protection from cold
 F - a +6 ring of strength
 G - a ring of flight (right hand)
Wands
 x - a wand of disintegration (7)
 y - a wand of iceblast (7)
 z - a wand of acid (7)
Scrolls
 i - 4 scrolls of blinking
 m - 7 scrolls of fog
 n - a scroll of holy word
 o - 5 scrolls of identify
 p - 5 scrolls of remove curse
 q - 2 scrolls of fear
 C - a scroll of brand weapon
Potions
 d - 10 potions of curing
 e - 10 potions of heal wounds
 f - 6 potions of haste
 g - 7 potions of magic
 h - 3 potions of berserk rage
 r - 2 potions of brilliance
 s - 2 potions of invisibility
 t - 4 potions of resistance
 v - 5 potions of agility
 w - 5 potions of might
Miscellaneous
 a - a box of beasts
 A - a sack of spiders
Comestibles
 c - 7 rations


   Skills:
 + Level 16.0 Fighting
 + Level 14.2(16.8) Axes
 + Level 15.3(17.3) Polearms
 + Level 11.2 Armour
 + Level 8.4 Dodging
 + Level 2.9 Stealth


You had 9 spell levels left.
You didn't know any spells.

Dungeon Overview and Level Annotations

Branches:
Dungeon (1/1)

Altars:
Ashenzari
Cheibriados
Dithmenos
Elyvilon
Fedhas
Gozag
Hepliaklqana
Kikubaaqudgha
Makhleb
Nemelex Xobeh
Okawaru
Qazlal
Ru
Sif Muna
Trog
Uskayaw
Vehumet
Wu Jian
Xom
Yredelemnul
Zin
The Shining One
Beogh
Jiyva
Lugonu

Annotations:
D 1 transporter


Innate Abilities, Weirdness & Mutations

You reflexively headbutt those who attack you in melee.
You have a pair of horns on your head.


Message History

* * * LOW HITPOINT WARNING * * *
You are engulfed in flames.
You resist.
* * * LOW HITPOINT WARNING * * *
The crimson imp shouts, "Scamper away, thou peeagling hasty-witted deadneck!"
Zaogom hits you.
* * * LOW HITPOINT WARNING * * *
The iron imp hits you but does no damage.
You hit Zaogom but do no damage. You headbutt Zaogom, but do no damage.
Zaogom is lightly wounded.
You hit Leocor.
Leocor's magic leaks into the air.
You slash the sun demon! You hit the lorocyproca. You hit the iron imp.
You slash the crimson imp!
The crimson imp's magic leaks into the air.
The sun demon hits you but does no damage.
Leocor barely misses you. You furiously retaliate!
You headbutt Leocor, but do no damage.
The lorocyproca hits you but does no damage.
The crimson imp barely misses you.
Zaogom conjures an orb of pure magic.
The wavering orb of destruction weakly hits you!
You die...

▓........▓..)))...▓
▓...©....▓...©)...▓
▓▓▓▓▓▓▓▓▓▓▓▓▓▓▓▓▓▓▓
▓...8©8...▓..8©8..▓
▓..|:)....▓...)...▓
▓...)))...▓..).)..▓
▓.........▓.......▓
▓...&&5...▓.......▓
▓...3@5...▓.......▓
▓...2.....▓..))|..▓
▓.........▓.▓.()▓.▓
▓....©....▓...©...▓
▓▓▓▓▓▓▓▓▓▓▓▓▓▓▓▓▓▓▓
▓..8©8..▓ ▓..).)..▓
▓.."|...▓ ▓.......▓


You could see Leocor, Zaogom, a lorocyproca (invisible), a sun demon, an iron
imp and a crimson imp.

Vanquished Creatures
  A green draconian (D)
  A yellow draconian (D)
  A spriggan druid (D)
  3 draconians (D)
  A kobold demonologist (D)
  2 yaktaurs (D)
  5 spriggans (D)
  2 porcupines (D)
  A phantom (D)
  A centaur (D)
  2 necrophages (D)
  2 wolves (D)
  A bullfrog (D)
  A wight (D)
  A river rat (D)
  A shadow imp (D)
  3 white imps (D)
  An ufetubus (D)
  A bat zombie (D)
  A ball python skeleton (D)
32 creatures vanquished.

Notes
Turn   | Place    | Note
-------+----------+-------------------------------------------
     0 | D        | Found the +6 Majin-Bo {vamp, Archmagi MP+6 Int+6}
     0 | D        | Found the +7 great mace "Firestarter" {inner flame, rF++}
     0 | D        | Fang the Minotaur Berserker began the quest for the Orb.
     0 | D        | Reached XP level 1. HP: 19/19 MP: 0/0
     5 | D        | Found a blossoming altar of Fedhas.
     6 | D        | Found a viscous altar of Jiyva.
     6 | D        | Found a hazy altar of Hepliaklqana.
     6 | D        | Found a transporter.
     6 | D        | Found an opulent altar of Gozag.
     6 | D        | Found an ancient bone altar of Kikubaaqudgha.
     6 | D        | Found a corrupted altar of Lugonu.
    12 | D        | Found a burning altar of Makhleb.
    13 | D        | Found a stormy altar of Qazlal.
    13 | D        | Found a sacrificial altar of Ru.
    13 | D        | Found an iron altar of Okawaru.
    13 | D        | Found a deep blue altar of Sif Muna.
    13 | D        | Found a sparkling altar of Nemelex Xobeh.
    13 | D        | Found a bloodstained altar of Trog.
    77 | D        | Entered arena 2.
    77 | D        | Noticed a spriggan
    77 | D        | Noticed a spriggan
    77 | D        | Found a transporter.
    84 | D        | Killed a spriggan
    84 | D        | Reached skill level 8 in Fighting
    84 | D        | Reached XP level 2. HP: 36/36 MP: 1/1
    84 | D        | Reached XP level 3. HP: 41/41 MP: 2/2
    84 | D        | Reached XP level 4. HP: 49/49 MP: 3/3
    84 | D        | Reached XP level 5. HP: 56/56 MP: 4/4
    85 | D        | Killed a spriggan
    85 | D        | Reached skill level 10 in Fighting
    85 | D        | Reached skill level 10 in Axes
    85 | D        | Reached skill level 5 in Armour
    85 | D        | Reached skill level 5 in Dodging
    85 | D        | Reached XP level 6. HP: 67/67 MP: 5/5
   140 | D        | Entered arena 3.
   140 | D        | Noticed a yaktaur
   140 | D        | Noticed a yaktaur
   140 | D        | Found a transporter.
   147 | D        | Killed a yaktaur
   147 | D        | Reached ** piety under Trog
   147 | D        | Reached skill level 11 in Fighting
   147 | D        | Reached XP level 7. HP: 37/75 MP: 6/6
   150 | D        | Reached skill level 12 in Fighting
   154 | D        | Killed a yaktaur
   382 | D        | Entered arena 4.
   382 | D        | Noticed a kobold demonologist
   382 | D        | Found a transporter.
   386 | D        | Noticed a red devil
   388 | D        | Reached *** piety under Trog
   404 | D        | Killed a kobold demonologist
   404 | D        | Reached skill level 13 in Fighting
   404 | D        | Reached skill level 5 in Polearms
   404 | D        | Reached XP level 8. HP: 86/86 MP: 7/7
   486 | D        | Entered arena 5.
   486 | D        | Found a transporter.
   490 | D        | Reached **** piety under Trog
   516 | D        | Reached ***** piety under Trog
   533 | D        | Reached skill level 14 in Fighting
   533 | D        | Reached XP level 9. HP: 95/95 MP: 8/8
   538 | D        | Entered arena 6.
   538 | D        | Noticed a draconian
   538 | D        | Noticed a draconian
   538 | D        | Noticed a draconian
   538 | D        | Noticed a green draconian
   538 | D        | Noticed a yellow draconian
   538 | D        | Found a transporter.
   548 | D        | Killed a green draconian
   548 | D        | Reached skill level 10 in Polearms
   552 | D        | Killed a draconian
   552 | D        | Received a gift from Trog
   552 | D        | Reached XP level 10. HP: 104/104 MP: 9/9
   557 | D        | Killed a draconian
   557 | D        | Reached skill level 15 in Fighting
   557 | D        | Reached skill level 10 in Armour
   560 | D        | Killed a yellow draconian
   563 | D        | Killed a draconian
   785 | D        | Received a gift from Trog
   848 | D        | Entered arena 7.
   848 | D        | Noticed a spriggan druid
   849 | D        | Found a transporter.
   862 | D        | Received a gift from Trog
   863 | D        | Killed a spriggan druid
   863 | D        | Received a gift from Trog
   863 | D        | Reached skill level 15 in Polearms
   916 | D        | Got the ring "Anuaste" {rF+++ MR- MP+9 Dex-4 SInv}
  1074 | D        | Entered arena 8.
  1075 | D        | Found a transporter.
  1087 | D        | Reached ****** piety under Trog
  1087 | D        | Received a gift from Trog
  1087 | D        | Reached skill level 16 in Fighting
  1094 | D        | Got the amulet "Vuivawec" {Faith Fragile rF+ Str+5}
  1130 | D        | Entered arena 9.
  1130 | D        | Noticed Leocor the pandemonium lord
  1130 | D        | Noticed a sun demon
  1130 | D        | Noticed Zaogom the pandemonium lord
  1132 | D        | Found a transporter.
  1137 | D        | Noticed a lorocyproca
  1139 | D        | Blown up by Zaogom the pandemonium lord

Skill      XL: |  1  2  3  4  5  6  7  8  9 10 |
---------------+-------------------------------+-----
Fighting       | 8 10 11 13 14 16 | 16.0
Axes           | 8 10 11 12 13 14 | 14.2
Armour         | 4 5 6 8 9 11 | 11.2
Dodging        | 4 5 6 7 8 |  8.4
Polearms       | 2 5 7 11 15 | 15.3
Stealth        | 2 |  2.9

Action                   |  1- 3 |  4- 6 |  7- 9 | 10-12 || total
-------------------------+-------+-------+-------+-------++-------
Melee: Demon trident     |     6 |     4 |    48 |     9 ||    67
       Headbutt          |       |       |     7 |    13 ||    20
       War axe           |       |       |       |    28 ||    28
Invok: Berserk           |     1 |     1 |     3 |     2 ||     7
       Burn Spellbooks   |       |       |     1 |     1 ||     2
  Use: Potion            |       |       |     1 |       ||     1
  Eat: Chunk             |       |       |     2 |     4 ||     6
Armor: Shadow dragon sca |     4 |     3 |     6 |       ||    13
       Scale mail        |       |       |    12 |    15 ||    27
Dodge: Dodged            |     6 |     5 |    23 |    33 ||    67
